[Event "Team 45 45 League T91"]
[Site "Internet Chess Club"]
[Date "2022.01.13"]
[Round "1"]
[White "elmaestro"]
[Black "MrAbendroth"]
[Result "1/2-1/2"]
[WhiteElo "1653"]
[BlackElo "1688"]
[Opening "English: Neo-Catalan declined"]
[ECO "A14"]
[Time "13:27:40"]
[PlyCount "158"]
[TimeControl "2700+45"]

1. c4 e6 2. g3 d5 3. Bg2 Nf6 4. Nf3 Be7 5. O-O O-O 6. cxd5 exd5 7. Qb3 c6 8. d3
Nbd7 9. h3 Re8 10. Be3 Bd6 11. d4 Qe7 12. Bd2 Ne4 13. Kh2 Ndf6 14. e3 Qc7 15.
Be1 Nh5 16. Ne5 Bxe5 17. dxe5 Qxe5 18. Nd2 Nhf6 19. Nxe4 Nxe4 20. f3 Nc5 21. Qc2
Ne6 22. Bf2 Bd7 23. Rfe1 Qf6 24. e4 dxe4 25. Rxe4 Nc7 26. Bd4 Qg6 27. Rae1 Rxe4
28. Qxe4 Qxe4 29. Rxe4 Nd5 30. a3 b6 31. f4 Rd8 32. Bf2 c5 33. Re5 Nf6 34. g4
Re8 35. Rxe8+ Nxe8 36. f5 Kf8 37. Bg3 Ke7 38. Be5 f6 39. Bb8 Nd6 40. Bxa7 Nc4
41. b3 Nxa3 42. Bxb6 Kd6 43. Ba7 Nb5 44. Bb8+ Ke7 45. Bf4 Nd4 46. Bd5 Bb5 47.
Kg2 Bd3 48. Kf2 Bc2 49. Ke3 Nxb3 50. h4 Nd4 51. Kd2 Ba4 52. Kd3 Bc6 53. Kc4
Bxd5+ 54. Kxd5 Nf3 55. Bg3 Nd2 56. Bd6+ Kf7 57. Bxc5 Nf3 58. Bf2 Ne5 59. g5 Nf3
60. Ke4 Ne5 61. h5 Nd7 62. g6+ hxg6 63. hxg6+ Ke7 64. Bd4 Kd6 65. Be3 Ke7 66.
Kd5 Ne5 67. Bc5+ Ke8 68. Ke6 Ng4 69. Be7 Ne3 70. Bxf6 Kf8 71. Be7+ Kg8 72. Bg5
Ng4 73. Bd8 Nh6 74. Ke5 Kf8 75. Kf4 Ng8 76. Kg5 Ke8 77. Ba5 Ne7 78. f6 gxf6+ 79.
Kxf6 Nxg6 {Game drawn because neither player has mating material} 1/2-1/2

[Event "Team 45 45 League T91"]
[Site "Internet Chess Club"]
[Date "2022.01.16"]
[Round "1"]
[White "evan7284"]
[Black "Gojira"]
[Result "1/2-1/2"]
[WhiteElo "1593"]
[BlackElo "1583"]
[Opening "Queen's pawn, Mason variation"]
[ECO "D00"]
[Time "06:31:15"]
[PlyCount "77"]
[TimeControl "2700+45"]

1. d4 d5 2. Bf4 c6 3. c3 Nf6 4. e3 Bg4 5. f3 Bh5 6. g4 Bg6 7. h4 h6 8. Bd3 Bxd3
9. Qxd3 e6 10. Nd2 Bd6 11. Ne2 Qc7 12. Bxd6 Qxd6 13. O-O-O Nbd7 14. e4 dxe4 15.
Nxe4 Nxe4 16. fxe4 O-O-O 17. Qf3 Rhf8 18. Rhf1 Qe7 19. Qg3 Nf6 20. e5 Nd5 21.
Nf4 Nxf4 22. Rxf4 c5 23. g5 hxg5 24. hxg5 cxd4 25. Rfxd4 Rxd4 26. Rxd4 Rd8 27.
Rxd8+ Kxd8 28. Qf4 Qc5 29. Qd4+ Qxd4 30. cxd4 Kc7 31. Kc2 Kc6 32. Kd3 Kd5 33. b3
b5 34. Ke3 a6 35. Kd3 a5 36. Ke3 a4 37. Kd3 axb3 38. axb3 g6 39. Ke3 {Game drawn
by mutual agreement} 1/2-1/2

[Event "Team 45 45 League T91"]
[Site "Internet Chess Club"]
[Date "2022.01.15"]
[Round "1"]
[White "jcule"]
[Black "gduranko"]
[Result "0-1"]
[WhiteElo "1366"]
[BlackElo "1431"]
[Opening "Queen's pawn game"]
[ECO "A46"]
[Time "15:00:31"]
[PlyCount "113"]
[TimeControl "2700+45"]

1. d4 Nf6 2. Nf3 e6 3. g3 c5 4. c3 d5 5. Bg2 Nc6 6. O-O Qb6 7. e3 Bd6 8. b3 O-O
9. Nbd2 cxd4 10. exd4 Bd7 11. Bb2 Rac8 12. Rb1 Qa6 13. a4 e5 14. dxe5 Nxe5 15.
Nxe5 Bxe5 16. c4 Bxb2 17. Rxb2 dxc4 18. Nxc4 Be6 19. Ne3 Rfd8 20. Qf3 b6 21. Rd1
Rxd1+ 22. Qxd1 g6 23. Bf1 Qb7 24. b4 Qb8 25. Qd4 Ne8 26. a5 Rd8 27. Qc3 Rc8 28.
Qa3 Qd6 29. axb6 axb6 30. Qd3 Qxd3 31. Bxd3 Rc1+ 32. Kg2 Rc3 33. Be2 Nd6 34. Rb1
Nc4 35. Bxc4 Bxc4 36. Nxc4 Rxc4 37. h4 b5 38. Kf3 Kg7 39. Ke3 Kf6 40. f3 h5 41.
Rb3 Kf5 42. Kd3 Ke6 43. Ke3 f6 44. Ke2 Kd5 45. Rd3+ Rd4 46. Ke3 Rxd3+ 47. Kxd3
g5 48. f4 gxh4 49. gxh4 f5 50. Kd2 Ke4 51. Kc3 Kxf4 52. Kd4 Kg3 53. Kc5 f4 54.
Kxb5 f3 55. Ka5 f2 56. b5 f1=Q 57. Ka6 {White resigns} 0-1

[Event "Team 45 45 League T91"]
[Site "Internet Chess Club"]
[Date "2022.01.16"]
[Round "1"]
[White "OGO"]
[Black "Fulmar"]
[Result "1-0"]
[WhiteElo "1244"]
[BlackElo "1257"]
[Opening "QGA: 3.e4"]
[ECO "D20"]
[Time "12:06:33"]
[PlyCount "109"]
[TimeControl "2700+45"]

1. d4 d5 2. c4 dxc4 3. e4 Nf6 4. Nc3 e6 5. Bxc4 a6 6. Nf3 b5 7. Bb3 Bb7 8. Bc2
Nbd7 9. O-O c5 10. e5 Nd5 11. Be4 N7b6 12. dxc5 Bxc5 13. Nxd5 Nxd5 14. a3 h6 15.
b4 Ba7 16. Qd3 Qd7 17. Bd2 Ke7 18. Rac1 Rac8 19. Rc2 Rxc2 20. Qxc2 Rc8 21. Qd3
Rc7 22. Rd1 Qc8 23. Nd4 Rc4 24. Nf5+ exf5 25. Bxd5 Bxd5 26. Qxd5 Rd4 27. Qf3 Ke6
28. Rc1 Rc4 29. Rxc4 bxc4 30. Bc3 Qd7 31. g3 Qd5 32. Kg2 Qxf3+ 33. Kxf3 g5 34.
a4 g4+ 35. Ke2 Kd5 36. f3 gxf3+ 37. Kxf3 Bd4 38. Bd2 c3 39. Bxh6 c2 40. Bc1 Bxe5
41. h4 Kc4 42. h5 Kb3 43. b5 axb5 44. axb5 Bd4 45. h6 Ka2 46. h7 Kb1 47. b6 Kxc1
48. b7 Kd1 49. b8=Q c1=Q 50. Qb5 Qe3+ 51. Kg2 Qe2+ 52. Qxe2+ Kxe2 53. Kh3 Kf3
54. Kh4 f6 55. h8=Q {Black resigns} 1-0

[Event "Team 45 45 League T91"]
[Site "Internet Chess Club"]
[Date "2022.01.18"]
[Round "1"]
[White "fhunfi"]
[Black "dgmesser"]
[Result "1-0"]
[WhiteElo "1662"]
[BlackElo "1570"]
[Opening "French: Winawer, advance, 5.a3"]
[ECO "C17"]
[Time "09:02:30"]
[PlyCount "40"]
[TimeControl "2700+45"]

1. e4 e6 2. d4 d5 3. Nc3 Bb4 4. e5 c5 5. a3 cxd4 6. axb4 dxc3 7. Qg4 g6 8. Nf3
Qc7 9. Kd1 Nc6 10. Qf4 cxb2 11. Bxb2 Nge7 12. h4 a5 13. b5 Nb4 14. c3 Nbc6 15.
bxc6 Nxc6 16. h5 O-O 17. Ba3 Ne7 18. Rc1 f6 19. Bd6 Qd7 20. exf6 Nf5 {Black
resigns} 1-0

[Event "Team 45 45 League T91"]
[Site "Internet Chess Club"]
[Date "2022.01.12"]
[Round "1"]
[White "ghowell"]
[Black "fireball"]
[Result "0-1"]
[WhiteElo "1450"]
[BlackElo "1575"]
[Opening "French: advance, Paulsen attack"]
[ECO "C02"]
[Time "19:02:18"]
[PlyCount "118"]
[TimeControl "2700+45"]

1. e4 e6 2. d4 d5 3. e5 c5 4. c3 Nc6 5. Nf3 f5 6. Bb5 Qb6 7. Bxc6+ bxc6 8. O-O
Ne7 9. Nbd2 Ng6 10. a3 Be7 11. b4 cxd4 12. cxd4 O-O 13. Nb3 Ba6 14. Re1 Bc4 15.
Nc5 Bxc5 16. bxc5 Qc7 17. Ng5 Rfe8 18. Qh5 Nf8 19. Re3 h6 20. Rh3 hxg5 21. Qh8+
Kf7 22. Bxg5 Ng6 23. Qh5 Rh8 24. Qf3 Rxh3 25. Qxh3 Rb8 26. Qe3 Rb3 27. Qc1 Qa5
28. h4 Qb5 29. h5 Nf8 30. g4 Bd3 31. h6 g6 32. Bd8 Rb1 33. Rxb1 Qxb1 34. Qxb1
Bxb1 35. g5 Bc2 36. f4 Ke8 37. Bc7 Kd7 38. Bd6 Nh7 39. Kf2 Kc8 40. Ke2 a5 41.
Kd2 Bb3 42. Kc3 a4 43. Kb4 Kd7 44. Ka5 Ke8 45. Kb6 Kd7 46. Kb7 Bc4 47. Kb6 Bb5
48. Ka5 Ke8 49. Kb6 Kf7 50. Kc7 Nxg5 51. Kd7 Nf3 52. Be7 Nxd4 53. Bf6 Kg8 54.
Ke7 Ne2 55. Bg5 d4 56. Kf6 Kh7 57. Kxe6 d3 58. Kf7 d2 59. e6 Bc4 {White resigns}
0-1

[Event "Team 45 45 League T91"]
[Site "Internet Chess Club"]
[Date "2022.01.13"]
[Round "1"]
[White "ChessG2011"]
[Black "keithuws"]
[Result "1-0"]
[WhiteElo "1534"]
[BlackElo "1170"]
[Opening "Giuoco Piano: four knights variation"]
[ECO "C55"]
[Time "18:30:22"]
[PlyCount "75"]
[TimeControl "2700+45"]

1. e4 e5 2. Nf3 Nc6 3. Bc4 Nf6 4. Nc3 Bc5 5. O-O O-O 6. d3 h6 7. Na4 d6 8. Nxc5
dxc5 9. Be3 Qe7 10. Qe1 Be6 11. Bxe6 Qxe6 12. Bxc5 Rfd8 13. Be3 a5 14. a3 Ng4
15. h3 Nxe3 16. Qxe3 Nd4 17. Nxd4 Rxd4 18. Rfd1 Rad8 19. Rd2 f5 20. exf5 Qxf5
21. Re1 Re8 22. Rde2 Rd5 23. c3 Rxd3 24. Qc5 b6 25. Qb5 Re6 26. Rxe5 c6 27. Qc4
Rd5 28. Rxf5 Rxe1+ 29. Kh2 Kh7 30. Rxd5 cxd5 31. Qd3+ g6 32. Qxd5 Re2 33. Qf7+
Kh8 34. Qxg6 Rxf2 35. Qxh6+ Kg8 36. Qg6+ Kf8 37. Qxb6 a4 38. Qxf2+ {Black
resigns} 1-0

[Event "Team 45 45 League T91"]
[Site "Internet Chess Club"]
[Date "2022.01.15"]
[Round "1"]
[White "natalieH"]
[Black "smsxman"]
[Result "0-1"]
[WhiteElo "1069"]
[BlackElo "1379"]
[Opening "Bird's opening"]
[ECO "A03"]
[Time "10:24:36"]
[PlyCount "74"]
[TimeControl "2700+45"]

1. f4 d5 2. Nf3 Bg4 3. e3 Nc6 4. Be2 Bf5 5. d4 Nb4 6. Na3 e6 7. Bd2 Nf6 8. O-O
Be7 9. Qc1 O-O 10. Bxb4 Bxb4 11. Rb1 c5 12. Bd3 Be4 13. Bxe4 Nxe4 14. c3 Ba5 15.
Nd2 cxd4 16. Nxe4 dxe4 17. cxd4 Rc8 18. Qd1 Bb6 19. Qg4 f5 20. Qd1 Qd5 21. Nc2
Qxa2 22. Rf2 Qa6 23. d5 Rfd8 24. d6 Qd3 25. Rd2 Bxe3+ 26. Nxe3 Qxe3+ 27. Rf2 Qb6
28. d7 Rc7 29. Qe2 Rcxd7 30. Ra1 Rd2 31. Qe1 Rxb2 32. Kf1 Rd3 33. Rxb2 Qxb2 34.
Rb1 Qc2 35. Rxb7 Rd1 36. Rb8+ Kf7 37. Rb7+ Kf6 {White resigns} 0-1

[Event "Team 45 45 League T91"]
[Site "Internet Chess Club"]
[Date "2022.01.14"]
[Round "1"]
[White "BrianWood"]
[Black "VictorRed"]
[Result "1/2-1/2"]
[WhiteElo "1474"]
[BlackElo "1630"]
[Opening "QGD Slav: 4.e3"]
[ECO "D11"]
[Time "22:00:36"]
[PlyCount "39"]
[TimeControl "2700+45"]

1. d4 d5 2. c4 c6 3. Nf3 Nf6 4. e3 g6 5. Be2 Bg7 6. O-O O-O 7. Nc3 Bf5 8. cxd5
cxd5 9. Qb3 b6 10. Bd2 Nc6 11. Rfc1 Na5 12. Qd1 Ne4 13. Be1 Nxc3 14. Rxc3 Nb7
15. Rac1 Nd6 16. Ba6 Bc8 17. Bxc8 Rxc8 18. Rxc8 Nxc8 19. Qa4 Re8 20. Qc6 {Game
drawn by mutual agreement} 1/2-1/2

[Event "Team 45 45 League T91"]
[Site "Internet Chess Club"]
[Date "2022.01.15"]
[Round "1"]
[White "kabindra"]
[Black "jjmolina1"]
[Result "1-0"]
[WhiteElo "1616"]
[BlackElo "1388"]
[Opening "Two knights defense"]
[ECO "C55"]
[Time "12:02:06"]
[PlyCount "59"]
[TimeControl "2700+45"]

1. e4 e5 2. Bc4 Nf6 3. d4 Nc6 4. Nf3 Nxd4 5. Nxe5 Ne6 6. O-O d6 7. Ng4 Nxe4 8.
Re1 Nf6 9. f4 Be7 10. f5 Nc5 11. Nxf6+ gxf6 12. Qh5 d5 13. Be3 Ne4 14. Bd3 Nd6
15. Bd4 Kd7 16. Nd2 c6 17. c4 dxc4 18. Nxc4 Kc7 19. Rad1 b6 20. Nxd6 Qxd6 21.
Bc4 Kb7 22. Bxb6 axb6 23. Rxd6 Bxd6 24. Qxf7+ Kb8 25. Qxf6 Bc5+ 26. Kh1 Rf8 27.
Qxc6 Bb7 28. Qd7 Ra7 29. Re8+ Bc8 30. Qxc8# {Black checkmated} 1-0

[Event "Team 45 45 League T91"]
[Site "Internet Chess Club"]
[Date "2022.01.16"]
[Round "1"]
[White "howah45"]
[Black "WzeroMN"]
[Result "1-0"]
[WhiteElo "1196"]
[BlackElo "1058"]
[Opening "Ruy Lopez: Cozio defense"]
[ECO "C60"]
[Time "14:14:56"]
[PlyCount "43"]
[TimeControl "2700+45"]

1. e4 e5 2. Nf3 Nc6 3. Bb5 Nge7 4. c3 a6 5. Ba4 b5 6. Bb3 d6 7. d3 Be6 8. Bc2
Qd7 9. Nbd2 g6 10. Nf1 Bg4 11. h3 Bxf3 12. Qxf3 b4 13. Ne3 bxc3 14. bxc3 Bg7 15.
Bb3 O-O 16. Ng4 Na5 17. Bc2 f5 18. Nh6+ Bxh6 19. Bxh6 Rf7 20. g4 fxe4 21. Qxe4
Kh8 22. Qxa8+ {Black resigns} 1-0

[Event "Team 45 45 League T91"]
[Site "Internet Chess Club"]
[Date "2022.01.15"]
[Round "1"]
[White "Zugzwanged"]
[Black "manfredo"]
[Result "0-1"]
[WhiteElo "1684"]
[BlackElo "1500"]
[Opening "Scotch: Potter variation"]
[ECO "C45"]
[Time "13:01:51"]
[PlyCount "98"]
[TimeControl "2700+45"]

1. e4 e5 2. Nf3 Nc6 3. d4 exd4 4. Nxd4 Bc5 5. Nb3 Bb6 6. Nc3 d6 7. Qe2 Nge7 8.
Be3 O-O 9. O-O-O f5 10. f4 fxe4 11. g3 Nf5 12. Bxb6 axb6 13. Bg2 Be6 14. Bxe4
Na5 15. Bxb7 Bc4 16. Bd5+ Bxd5 17. Rxd5 Nxb3+ 18. cxb3 Re8 19. Qf2 Ne3 20. Rd3
Ng4 21. Qf3 Nf6 22. Re3 Ra5 23. Rhe1 Rxe3 24. Qxe3 Rc5 25. b4 Rc6 26. Kb1 d5 27.
Qd4 Rc4 28. Qe5 Rxb4 29. a3 Rc4 30. b3 Rc6 31. Rd1 Rd6 32. Nb5 Rd7 33. h3 Re7
34. Qc3 c5 35. a4 Ne4 36. Qf3 Qd7 37. g4 d4 38. Re1 Nc3+ 39. Nxc3 Rxe1+ 40. Nd1
Qe6 41. Kc2 Qe4+ 42. Qxe4 Rxe4 43. f5 Re2+ 44. Kd3 Rh2 45. h4 Rxh4 46. Nb2 Rxg4
47. Nc4 Rg3+ 48. Kc2 Rc3+ 49. Kb2 Rxc4 {White resigns} 0-1

[Event "Team 45 45 League T91"]
[Site "Internet Chess Club"]
[Date "2022.01.16"]
[Round "1"]
[White "dalmata"]
[Black "Electryon"]
[Result "1-0"]
[WhiteElo "1561"]
[BlackElo "1497"]
[Opening "Dutch defense"]
[ECO "A40"]
[Time "12:04:50"]
[PlyCount "109"]
[TimeControl "2700+45"]

1. d4 e6 2. c4 f5 3. Nf3 Nf6 4. Nc3 Be7 5. Bg5 O-O 6. e3 Ne4 7. Bxe7 Qxe7 8. Be2
b6 9. O-O Bb7 10. Nb5 d6 11. Nd2 Nxd2 12. Qxd2 Nc6 13. Bf3 a6 14. Nc3 Rf6 15. a3
Na5 16. Bxb7 Nxb7 17. d5 e5 18. b4 Rh6 19. Qc2 Qh4 20. h3 Qxc4 21. Rfc1 Rf8 22.
Qe2 Qxe2 23. Nxe2 Rc8 24. Rc2 Rf6 25. Rac1 Rf7 26. f4 exf4 27. exf4 a5 28. Nd4
axb4 29. axb4 c5 30. dxc6 Nd8 31. c7 Nb7 32. Rc6 d5 33. Rxb6 Rfxc7 34. Rxc7 Rxc7
35. Nxf5 Kf7 36. Rxb7 Rxb7 37. Nd6+ Ke6 38. Nxb7 d4 39. Kf2 Kd5 40. Ke2 Kc4 41.
g4 Kxb4 42. Kd3 Kb5 43. f5 Kc6 44. Nd8+ Kd7 45. Ne6 g6 46. fxg6 hxg6 47. Nxd4
Kd6 48. Ke4 Ke7 49. Ke5 Kf7 50. h4 Ke7 51. g5 Kf7 52. Nc6 Kg7 53. Ke6 Kh7 54.
Kf7 Kh8 55. Ne5 {Black resigns} 1-0

[Event "Team 45 45 League T91"]
[Site "Internet Chess Club"]
[Date "2022.01.14"]
[Round "1"]
[White "tryanything"]
[Black "fvafier"]
[Result "0-1"]
[WhiteElo "1442"]
[BlackElo "1518"]
[Opening "Sicilian: closed"]
[ECO "B23"]
[Time "15:59:27"]
[PlyCount "84"]
[TimeControl "2700+45"]

1. e4 c5 2. Nc3 d6 3. Bb5+ Bd7 4. Bxd7+ Nxd7 5. d3 Ngf6 6. Nge2 g6 7. O-O Bg7 8.
Bd2 O-O 9. f4 a6 10. a4 Rb8 11. a5 b6 12. axb6 Qxb6 13. Rb1 c4+ 14. Kh1 cxd3 15.
cxd3 Nc5 16. Be3 Qc6 17. h3 Rfc8 18. f5 a5 19. Nd4 Qa6 20. fxg6 hxg6 21. Nd5
Nxd5 22. exd5 Qxd3 23. Qxd3 Nxd3 24. Nc6 Rb7 25. Nxa5 Rxb2 26. Rxb2 Nxb2 27. Nc6
Kf8 28. Ra1 Nc4 29. Re1 Nxe3 30. Rxe3 e6 31. Nb4 Rc1+ 32. Kh2 Be5+ 33. g3 Rd1
34. dxe6 Rd2+ 35. Kh1 fxe6 36. Nd3 Bd4 37. Rf3+ Ke7 38. h4 e5 39. Nb4 Ke6 40.
Nc6 Bc5 41. Nd8+ Kd5 42. Nf7 e4 {White resigns} 0-1

[Event "Team 45 45 League T91"]
[Site "Internet Chess Club"]
[Date "2022.01.16"]
[Round "1"]
[White "cadmiumorange"]
[Black "room-matt"]
[Result "0-1"]
[WhiteElo "1808"]
[BlackElo "1820"]
[Opening "Richter-Veresov attack"]
[ECO "D01"]
[Time "10:01:34"]
[PlyCount "96"]
[TimeControl "2700+45"]

1. d4 Nf6 2. Nc3 d5 3. Bg5 Nbd7 4. f3 h6 5. Bh4 c6 6. e4 g5 7. Bg3 Bg7 8. Bd3
Qb6 9. e5 Ng8 10. Nge2 Qxb2 11. Rb1 Qa3 12. O-O Nb6 13. Rb3 Qa5 14. Be1 Nc4 15.
Bxc4 dxc4 16. Nb1 Qxa2 17. Ra3 Qb2 18. Bc3 Qb5 19. Ra5 Qb6 20. Nd2 Be6 21. Rc5
Qd8 22. Nxc4 b6 23. Rxc6 Bd5 24. Nd6+ Kd7 25. Nb7 Qb8 26. Rd6+ exd6 27. Nxd6 f6
28. f4 Ne7 29. Ng3 Qc7 30. Bb4 a5 31. Qg4+ Kd8 32. Ba3 Qxc2 33. Nh5 f5 34. Qg3
Bf8 35. Nf6 gxf4 36. Qh3 Qd2 37. Nxd5 Qxd4+ 38. Kh1 Qxd5 39. Qh5 Kc7 40. Rc1+
Nc6 41. Nb5+ Qxb5 42. Qf7+ Kb8 43. Bxf8 Qxe5 44. Bg7 Qe3 45. Qc4 Re8 46. h3 Re6
47. Bd4 Qe4 48. Kh2 Kb7 {White forfeits on time} 0-1

[Event "Team 45 45 League T91"]
[Site "Internet Chess Club"]
[Date "2022.01.16"]
[Round "1"]
[White "fhunfi"]
[Black "hipopotamos"]
[Result "0-1"]
[WhiteElo "1649"]
[BlackElo "1751"]
[Opening "Ruy Lopez: Schliemann defense"]
[ECO "C63"]
[Time "18:00:29"]
[PlyCount "50"]
[TimeControl "2700+45"]

1. e4 e5 2. Nf3 Nc6 3. Bb5 f5 4. d3 fxe4 5. dxe4 d6 6. Nc3 Nf6 7. a3 Be7 8. Bc4
Bg4 9. Be3 Rf8 10. Be2 Qd7 11. Qd3 O-O-O 12. O-O-O Qe8 13. Nd5 Qg6 14. Nh4 Qh5
15. Bxg4+ Qxg4 16. Nf5 Nxd5 17. exd5 Qxf5 18. dxc6 Qxd3 19. cxb7+ Kxb7 20. Rxd3
d5 21. c3 c5 22. f3 d4 23. cxd4 exd4 24. Bf2 Bg5+ 25. Kd1 c4 {White resigns} 0-1

[Event "Team 45 45 League T91"]
[Site "Internet Chess Club"]
[Date "2022.01.15"]
[Round "1"]
[White "walkover"]
[Black "MrAbendroth"]
[Result "0-1"]
[WhiteElo "1695"]
[BlackElo "1705"]
[Opening "Nimzo-Indian: Kmoch variation"]
[ECO "E20"]
[Time "10:31:03"]
[PlyCount "60"]
[TimeControl "2700+45"]

1. d4 Nf6 2. c4 e6 3. Nc3 Bb4 4. f3 d5 5. a3 Bxc3+ 6. bxc3 O-O 7. cxd5 exd5 8.
e3 Re8 9. Bd3 b6 10. Ne2 Bb7 11. O-O Nbd7 12. Ng3 Rc8 13. Ra2 c5 14. Re2 cxd4
15. cxd4 Rc6 16. e4 dxe4 17. fxe4 Qc8 18. e5 Nd5 19. Ref2 f6 20. Bd2 Ba6 21.
Bxa6 Qxa6 22. Qf3 Qb5 23. Qg4 Nf8 24. Nh5 Ng6 25. Qd7 Re7 26. Qd8+ Kf7 27. exf6
gxf6 28. Bg5 Rce6 29. Nxf6 Nxf6 30. Rxf6+ Rxf6 {White forfeits on time} 0-1

[Event "Team 45 45 League T91"]
[Site "Internet Chess Club"]
[Date "2022.01.16"]
[Round "1"]
[White "ChessMaine"]
[Black "Timmah4651"]
[Result "0-1"]
[WhiteElo "1456"]
[BlackElo "1595"]
[Opening "Queen's bishop game"]
[ECO "D02"]
[Time "06:02:18"]
[PlyCount "58"]
[TimeControl "2700+45"]

1. d4 d5 2. Nf3 Nf6 3. Bf4 c5 4. c3 Nc6 5. e3 Qb6 6. Qb3 c4 7. Qc2 Bf5 8. Qc1 h6
9. h3 e6 10. Be2 Be7 11. O-O O-O 12. Nbd2 Qd8 13. a4 Na5 14. Ne5 Ne4 15. Bd1 Rc8
16. f3 Nxd2 17. Qxd2 Bd6 18. Bc2 Bxc2 19. Qxc2 Nb3 20. Ra2 f6 21. Ng6 Rf7 22. e4
Bxf4 23. Nxf4 Qd6 24. Ng6 Qg3 25. exd5 exd5 26. Qf5 Re8 27. Nf4 Nd2 28. Rf2 Re1+
29. Rf1 Rxf1# {White checkmated} 0-1

[Event "Team 45 45 League T91"]
[Site "Internet Chess Club"]
[Date "2022.01.17"]
[Round "1"]
[White "jaboti"]
[Black "Goli"]
[Result "1-0"]
[WhiteElo "1771"]
[BlackElo "1748"]
[Opening "English opening"]
[ECO "A05"]
[Time "15:00:23"]
[PlyCount "93"]
[TimeControl "2700+45"]

1. Nf3 Nf6 2. c4 d6 3. d4 g6 4. e4 Nxe4 5. Bd3 Nf6 6. Nc3 Bg7 7. O-O O-O 8. Re1
Bg4 9. Be2 Nc6 10. d5 Bxf3 11. Bxf3 Ne5 12. Be2 c6 13. Be3 cxd5 14. cxd5 a6 15.
a4 Rc8 16. Qb3 Qc7 17. Rac1 Ned7 18. f3 Nc5 19. Qb4 a5 20. Qh4 Qd7 21. Bb5 Qf5
22. Rcd1 Rc7 23. Qf2 Qc8 24. Qh4 Qd8 25. Qf2 Nfd7 26. Bg5 Nf6 27. Qe3 Kh8 28.
Kh1 Ng8 29. Qf2 h6 30. Bd2 Kh7 31. Re2 f5 32. Rde1 Nb3 33. Be3 Bxc3 34. bxc3
Rxc3 35. Bb6 Qc8 36. Rxe7+ Nxe7 37. Rxe7+ Kg8 38. h3 Rf7 39. Re8+ Kh7 40. Rxc8
Rxc8 41. Kh2 Nc5 42. Bxa5 Nd7 43. Bxd7 Rxd7 44. Qd4 Rc2 45. Bc3 g5 46. Qh8+ Kg6
47. Qg8+ {Black resigns} 1-0

[Event "Team 45 45 League T91"]
[Site "Internet Chess Club"]
[Date "2022.01.17"]
[Round "1"]
[White "cityprosecutor"]
[Black "Packerfan"]
[Result "1/2-1/2"]
[WhiteElo "1731"]
[BlackElo "1723"]
[Opening "Scotch: Göring gambit"]
[ECO "C44"]
[Time "15:02:39"]
[PlyCount "41"]
[TimeControl "2700+45"]

1. e4 e5 2. Nf3 Nc6 3. d4 exd4 4. c3 Nge7 5. cxd4 d5 6. exd5 Nxd5 7. Nc3 Be7 8.
Bd3 O-O 9. h3 Re8 10. O-O Bf6 11. Nxd5 Qxd5 12. Bf4 Nxd4 13. Nxd4 Qxd4 14. Bxc7
Qxb2 15. Rb1 Qxa2 16. Bb5 Re4 17. Qf3 Rd4 18. Rfe1 Be6 19. Qxb7 Rf8 20. Ra1 Qd5
21. Rxa7 {Game drawn by mutual agreement} 1/2-1/2

[Event "Team 45 45 League T91"]
[Site "Internet Chess Club"]
[Date "2022.01.15"]
[Round "1"]
[White "scostanzo212"]
[Black "ivanson"]
[Result "1/2-1/2"]
[WhiteElo "1549"]
[BlackElo "1609"]
[Opening "King's Indian: orthodox variation"]
[ECO "E94"]
[Time "15:00:35"]
[PlyCount "69"]
[TimeControl "2700+45"]

1. d4 Nf6 2. c4 g6 3. Nc3 Bg7 4. e4 d6 5. Nf3 O-O 6. Be2 e5 7. O-O Na6 8. a3
exd4 9. Nxd4 Nc5 10. f3 Re8 11. b4 Ne6 12. Nxe6 Bxe6 13. Be3 Nd7 14. Rc1 a5 15.
Bd4 axb4 16. axb4 Bxd4+ 17. Qxd4 Qf6 18. Qxf6 Nxf6 19. Ra1 Nd7 20. Nb5 Rxa1 21.
Rxa1 Nb6 22. Nxc7 Rc8 23. Nxe6 fxe6 24. Ra7 Rc7 25. Kf2 Nc8 26. Ra8 Kf7 27. Ke3
Nb6 28. Ra7 Nc8 29. Ra8 Nb6 30. Rh8 Kg7 31. Rb8 Nd7 32. Re8 Kf7 33. Ra8 Nb6 34.
Rh8 Kg7 35. Rb8 {Game drawn by mutual agreement} 1/2-1/2

[Event "Team 45 45 League T91"]
[Site "Internet Chess Club"]
[Date "2022.01.16"]
[Round "1"]
[White "mongmong"]
[Black "gduranko"]
[Result "1/2-1/2"]
[WhiteElo "1513"]
[BlackElo "1435"]
[Opening "Colle system"]
[ECO "A46"]
[Time "10:02:50"]
[PlyCount "91"]
[TimeControl "2700+45"]

1. d4 Nf6 2. Nf3 e6 3. e3 c5 4. c3 d5 5. Bd3 Bd6 6. Nbd2 Nc6 7. O-O O-O 8. Qe2
cxd4 9. exd4 Re8 10. Ne5 Nd7 11. Ndf3 f6 12. Nxc6 bxc6 13. Qc2 Nf8 14. Re1 c5
15. dxc5 Bxc5 16. Be3 Bxe3 17. fxe3 a5 18. e4 Qb6+ 19. Qf2 Qxf2+ 20. Kxf2 dxe4
21. Bxe4 Rb8 22. Re2 Rd8 23. b3 Bb7 24. Bxb7 Rxb7 25. Rd2 Rxd2+ 26. Nxd2 Rc7 27.
Rc1 Nd7 28. Nc4 Rc5 29. Rd1 Ne5 30. Nxe5 Rxe5 31. Rd2 Kf7 32. c4 Ke7 33. a3 Re4
34. g3 f5 35. Rc2 Kd6 36. b4 axb4 37. axb4 Kc6 38. Kf3 g5 39. Rc3 g4+ 40. Kf2 f4
41. gxf4 Rxf4+ 42. Kg3 e5 43. h3 gxh3 44. Kxh3 h5 45. Kg3 h4+ 46. Kg2 {Game
drawn by mutual agreement} 1/2-1/2

[Event "Team 45 45 League T91"]
[Site "Internet Chess Club"]
[Date "2022.01.15"]
[Round "1"]
[White "tamky70"]
[Black "WzeroMN"]
[Result "1-0"]
[WhiteElo "1235"]
[BlackElo "1069"]
[Opening "Konstantinopolsky opening"]
[ECO "C44"]
[Time "12:01:04"]
[PlyCount "107"]
[TimeControl "2700+45"]

1. Nf3 Nc6 2. e4 e5 3. g3 Nf6 4. d3 Bc5 5. Bg2 O-O 6. Nbd2 d5 7. O-O d4 8. a3 a5
9. Re1 Bg4 10. Qe2 Qd7 11. Qf1 Rae8 12. h3 Bxf3 13. Nxf3 b5 14. Re2 b4 15. b3
bxa3 16. Nh2 Bb4 17. Ra2 Ra8 18. Ng4 Nxg4 19. hxg4 Qxg4 20. Bh3 Qf3 21. Bg2 Qg4
22. Bd2 Bxd2 23. Rxd2 Qg5 24. Qe1 Qe7 25. Qa1 Qb4 26. Re2 Qc3 27. Rxa3 Qxa1+ 28.
Rxa1 f6 29. Bh3 Ne7 30. Be6+ Kh8 31. Ra4 Rfe8 32. Re1 Ng6 33. Bd5 Ra7 34. Rea1
Ne7 35. Rxa5 Rxa5 36. Rxa5 Nxd5 37. exd5 f5 38. Kg2 g6 39. Rc5 Re7 40. b4 e4 41.
Kf1 exd3 42. cxd3 Re5 43. b5 Re8 44. Rxc7 Rb8 45. Rc5 Rb6 46. Ke2 Rb8 47. d6
Re8+ 48. Kd2 Rd8 49. Rd5 Kg7 50. Rxd4 Kf7 51. b6 Ke6 52. b7 Rb8 53. d7 Ke5 54.
d8=Q {Black resigns} 1-0

[Event "Team 45 45 League T91"]
[Site "Internet Chess Club"]
[Date "2022.01.17"]
[Round "1"]
[White "DaveTheRook"]
[Black "oldsj"]
[Result "1/2-1/2"]
[WhiteElo "1399"]
[BlackElo "1449"]
[Opening "Queen's gambit declined"]
[ECO "D30"]
[Time "13:04:19"]
[PlyCount "41"]
[TimeControl "2700+45"]

1. d4 d5 2. c4 e6 3. c5 Nc6 4. Nf3 b6 5. b4 Bd7 6. b5 Na5 7. c6 Bc8 8. a4 Nf6 9.
Ba3 Bxa3 10. Nxa3 O-O 11. e3 Ne4 12. Bd3 Nd6 13. Qc2 h6 14. O-O Qf6 15. Ne5 Nf5
16. Rfe1 Qg5 17. Nf3 Qe7 18. Ne5 Qg5 19. Nf3 Qf6 20. Nb1 Nd6 21. Na3 {Game drawn
by mutual agreement} 1/2-1/2